| TOP OF THE 1ST |
|
Washington State University Cougars batting - Pitching for Pennsylvania State University Nittany Lions : LHP Enrique Espinoza
|
|
Pitching: LHP Enrique Espinoza
|
|
|
Batting: RHB Melvin Durland
|
0-0: Foul Ball, location: 2F 0-1: Ball 1-1: Swinging Strike 1-2: Strikes out swinging
|
|
Batting: LHB Josh Aerni
|
0-0: Ball 1-0: SINGLE (Groundball, 3D, EV 98.8 MPH)
|
|
Batting: SHB Salvador Padilla
|
0-0: Called Strike 0-1: Called Strike 0-2: Foul Ball, location: 2F 0-2: Grounds into double play, 5-4-3 (Groundball, 56, EV 104.4 MPH)
|
| Top of the 1st over - 0 runs, 1 hit, 0 errors, 0 left on base; Washington State University 0 - Pennsylvania State University 0 |
| BOTTOM OF THE 1ST |
|
Pennsylvania State University Nittany Lions batting - Pitching for Washington State University Cougars : RHP Jalen Young
|
|
Pitching: RHP Jalen Young
|
|
|
Batting: RHB Eric Wiss
|
0-0: Ball 1-0: Called Strike 1-1: Ball 2-1: Called Strike 2-2: Ball 3-2: Foul Ball, location: 2F 3-2: Ground out 6-3 (Groundball, 56, EV 105.0 MPH)
|
|
Batting: RHB Coen Dirks
|
0-0: Called Strike 0-1: Foul Ball, location: 2F 0-2: Fly out, F3 (Line Drive, 3, EV 67.5 MPH)
|
|
Batting: LHB Tyler Francis
|
0-0: Ball 1-0: Ball 2-0: Ground out 1-3 (Groundball, 34S, EV 71.3 MPH)
|
| Bottom of the 1st over - 0 runs, 0 hits, 0 errors, 0 left on base; Washington State University 0 - Pennsylvania State University 0 |
| TOP OF THE 2ND |
|
Washington State University Cougars batting - Pitching for Pennsylvania State University Nittany Lions : LHP Enrique Espinoza
|
|
Batting: RHB Gebre-Giorgios Wangondu
|
0-0: Ball 1-0: Foul Ball, location: 2F 1-1: Ground out 4-3 (Groundball, 4, EV 83.1 MPH)
|
|
Batting: SHB Steve DeRienzo
|
0-0: Called Strike 0-1: Fly out, F6 (Line Drive, 6, EV 72.5 MPH)
|
|
Batting: RHB Johnny Lowe
|
0-0: Called Strike 0-1: Ball 1-1: DOUBLE (Line Drive, 9LM, EV 95.6 MPH)
|
|
Batting: RHB David Martin
|
0-0: SINGLE (Groundball, 6D, EV 94.4 MPH) Johnny Lowe to third Runner from 3rd tries for Home, SAFE, throw by CF to home
|
|
Batting: RHB Nick Deegan
|
0-0: Called Strike 0-1: Ball 1-1: Ball 2-1: Ball 3-1: SINGLE (Flyball, 89S, EV 95.0 MPH) David Martin to second
|
|
Batting: RHB Elmar Adenauer
|
0-0: Ball 1-0: Called Strike 1-1: Fly out, F8 (Flyball, 8LM, EV 80.0 MPH)
|
| Top of the 2nd over - 1 run, 3 hits, 0 errors, 2 left on base; Washington State University 1 - Pennsylvania State University 0 |
| BOTTOM OF THE 2ND |
|
Pennsylvania State University Nittany Lions batting - Pitching for Washington State University Cougars : RHP Jalen Young
|
|
Batting: RHB Dave Fredericks
|
0-0: Called Strike 0-1: Ground out 5-3 (Groundball, 56S, EV 65.6 MPH)
|
|
Batting: RHB Brian Rogers
|
0-0: Foul Ball, location: 2F 0-1: Ball 1-1: Ball 2-1: Foul Ball, location: 2F 2-2: Ball 3-2: Base on Balls
|
|
Batting: RHB Tim Long
|
0-0: Fly out, F6 (Popup, 6D, EV 69.4 MPH)
|
|
Batting: LHB Angel Oropeza
|
0-0: Foul Ball, location: 2F 0-1: Swinging Strike 0-2: Foul Ball, location: 2F 0-2: Strikes out looking
|
| Bottom of the 2nd over - 0 runs, 0 hits, 0 errors, 1 left on base; Washington State University 1 - Pennsylvania State University 0 |
| TOP OF THE 3RD |
|
Washington State University Cougars batting - Pitching for Pennsylvania State University Nittany Lions : LHP Enrique Espinoza
|
|
Batting: RHB Melvin Durland
|
0-0: Called Strike 0-1: Fly out, F9 (Line Drive, 9, EV 90.6 MPH)
|
|
Batting: LHB Josh Aerni
|
0-0: Called Strike 0-1: Called Strike 0-2: SINGLE (Groundball, 34, EV 102.5 MPH)
|
|
Batting: SHB Salvador Padilla
|
0-0: Foul Ball, location: 2F 0-1: Ball 1-1: Ball 2-1: SINGLE (Line Drive, 4MD, EV 94.4 MPH) Josh Aerni to second Runner from 2nd tries for 3rd, SAFE after rundown.
|
|
Batting: RHB Gebre-Giorgios Wangondu
|
0-0: Ball 1-0: Ball 2-0: Called Strike 2-1: Swinging Strike 2-2: Ball 3-2: Fielders Choice at 2nd, 4-6 (Groundball, 4M, EV 103.8 MPH) Josh Aerni scores
|
|
Batting: SHB Steve DeRienzo
|
0-0: Called Strike 0-1: Ball 1-1: Ball 2-1: Fly out, F3 (Popup, 3F, EV 68.8 MPH)
|
| Top of the 3rd over - 1 run, 2 hits, 0 errors, 1 left on base; Washington State University 2 - Pennsylvania State University 0 |
| BOTTOM OF THE 3RD |
|
Pennsylvania State University Nittany Lions batting - Pitching for Washington State University Cougars : RHP Jalen Young
|
|
Batting: RHB Ethan Finke
|
0-0: Ball 1-0: SINGLE (Line Drive, 9S, EV 108.8 MPH)
|
|
Batting: RHB Luke Vaccarino
|
0-0: Grounds into double play, 6-4-3 (Groundball, 6, EV 85.6 MPH)
|
|
Batting: RHB Eric Wiss
|
0-0: Called Strike 0-1: Ball 1-1: Ground out 6-3 (Groundball, 6, EV 103.8 MPH)
|
| Bottom of the 3rd over - 0 runs, 1 hit, 0 errors, 0 left on base; Washington State University 2 - Pennsylvania State University 0 |
| TOP OF THE 4TH |
|
Washington State University Cougars batting - Pitching for Pennsylvania State University Nittany Lions : LHP Enrique Espinoza
|
|
Batting: RHB Johnny Lowe
|
0-0: Ball 1-0: Called Strike 1-1: Called Strike 1-2: Ball 2-2: Ball 3-2: Foul Ball, location: 2F 3-2: Strikes out swinging
|
|
Batting: RHB David Martin
|
0-0: Called Strike 0-1: SINGLE (Groundball, 5S, EV 70.0 MPH) (infield hit)
|
|
Batting: RHB Nick Deegan
|
0-0: Fly out, F7 (Flyball, 7D, EV 76.9 MPH)
|
|
Batting: RHB Elmar Adenauer
|
0-0: Ball 1-0: Fly out, F7 (Flyball, 7S, EV 72.5 MPH)
|
| Top of the 4th over - 0 runs, 1 hit, 0 errors, 1 left on base; Washington State University 2 - Pennsylvania State University 0 |
| BOTTOM OF THE 4TH |
|
Pennsylvania State University Nittany Lions batting - Pitching for Washington State University Cougars : RHP Jalen Young
|
|
Batting: RHB Coen Dirks
|
0-0: SINGLE (Groundball, 23, EV 66.3 MPH) (infield hit)
|
|
Batting: LHB Tyler Francis
|
0-0: Swinging Strike 0-1: Foul Ball, location: 2F 0-2: Ball 1-2: Foul Ball, location: 2F 1-2: Foul Ball, location: 2F 1-2: Ball 2-2: Foul Ball, location: 2F 2-2: Ball 3-2: Foul Ball, location: 2F 3-2: Foul Ball, location: 2F 3-2: Foul Ball, location: 2F 3-2: Fly out, F8 (Flyball, 8LM, EV 90.6 MPH)
|
|
Batting: RHB Dave Fredericks
|
0-0: Ball 1-0: Foul Ball, location: 2F 1-1: Called Strike 1-2: Strikes out swinging
|
|
Batting: RHB Brian Rogers
|
0-0: Foul Ball, location: 2F 0-1: Ball 1-1: Foul Ball, location: 2F 1-2: Ball 2-2: Foul Ball, location: 2F 2-2: Fly out, F9 (Flyball, 89D, EV 86.3 MPH)
|
| Bottom of the 4th over - 0 runs, 1 hit, 0 errors, 1 left on base; Washington State University 2 - Pennsylvania State University 0 |
| TOP OF THE 5TH |
|
Washington State University Cougars batting - Pitching for Pennsylvania State University Nittany Lions : LHP Enrique Espinoza
|
|
Batting: RHB Melvin Durland
|
0-0: Ball 1-0: Called Strike 1-1: Ground out 5-3 (Groundball, 56S, EV 76.3 MPH)
|
|
Batting: LHB Josh Aerni
|
0-0: Ball 1-0: Ball 2-0: Fly out, F9 (Flyball, 9LM, EV 98.8 MPH)
|
|
Batting: SHB Salvador Padilla
|
0-0: Ball 1-0: Ball 2-0: Called Strike 2-1: Called Strike 2-2: Foul Ball, location: 2F 2-2: SINGLE (Line Drive, 78S, EV 98.1 MPH)
|
|
Batting: RHB Gebre-Giorgios Wangondu
|
0-0: Ball 1-0: Swinging Strike 1-1: Ball 2-1: Foul Ball, location: 2F 2-2: Foul Ball, location: 2F 2-2: Strikes out looking
|
| Top of the 5th over - 0 runs, 1 hit, 0 errors, 1 left on base; Washington State University 2 - Pennsylvania State University 0 |
| BOTTOM OF THE 5TH |
|
Pennsylvania State University Nittany Lions batting - Pitching for Washington State University Cougars : RHP Jalen Young
|
|
Batting: RHB Tim Long
|
0-0: Called Strike 0-1: Fly out, F9 (Flyball, 89M, EV 86.3 MPH)
|
|
Batting: LHB Angel Oropeza
|
0-0: Ball 1-0: Foul Ball, location: 2F 1-1: Swinging Strike 1-2: Foul Ball, location: 2F 1-2: Ball 2-2: SOLO HOME RUN (Flyball, 9D, EV 97.5 MPH), Distance : 364 ft
|
|
Batting: RHB Ethan Finke
|
0-0: Ball 1-0: Called Strike 1-1: Ground out 4-3 (Groundball, 4, EV 87.5 MPH)
|
|
Batting: RHB Luke Vaccarino
|
0-0: Ball 1-0: Called Strike 1-1: Ball 2-1: Ball 3-1: Foul Ball, location: 2F 3-2: Foul Ball, location: 2F 3-2: Foul Ball, location: 2F 3-2: Base on Balls
|
|
Batting: RHB Eric Wiss
|
0-0: Ball 1-0: Called Strike 1-1: Ball 2-1: Foul Ball, location: 2F 2-2: Strikes out swinging
|
| Bottom of the 5th over - 1 run, 1 hit, 0 errors, 1 left on base; Washington State University 2 - Pennsylvania State University 1 |
| TOP OF THE 6TH |
|
Washington State University Cougars batting - Pitching for Pennsylvania State University Nittany Lions : LHP Enrique Espinoza
|
|
Pitching: RHP Greg Hall
|
|
|
Batting: SHB Steve DeRienzo
|
0-0: Called Strike 0-1: Foul Ball, location: 2F 0-2: Foul Ball, location: 2F 0-2: Ground out U3 (Groundball, 3, EV 83.8 MPH)
|
|
Batting: RHB Johnny Lowe
|
0-0: Fly out, F9 (Flyball, 9LD, EV 88.8 MPH)
|
|
Batting: RHB David Martin
|
0-0: Fly out, F3 (Popup, 3, EV 73.1 MPH)
|
| Top of the 6th over - 0 runs, 0 hits, 0 errors, 0 left on base; Washington State University 2 - Pennsylvania State University 1 |
| BOTTOM OF THE 6TH |
|
Pennsylvania State University Nittany Lions batting - Pitching for Washington State University Cougars : RHP Jalen Young
|
|
Pitching: RHP Jordan Wyatt
|
|
|
Batting: RHB Coen Dirks
|
0-0: Ground out 6-3 (Groundball, 6, EV 109.4 MPH)
|
|
Batting: LHB Tyler Francis
|
0-0: Called Strike 0-1: Ball 1-1: Foul Ball, location: 2F 1-2: Strikes out swinging
|
|
Batting: RHB Dave Fredericks
|
0-0: Ball 1-0: Ball 2-0: Foul Ball, location: 2F 2-1: Fly out, F9 (Flyball, 89D, EV 88.1 MPH)
|
| Bottom of the 6th over - 0 runs, 0 hits, 0 errors, 0 left on base; Washington State University 2 - Pennsylvania State University 1 |
| TOP OF THE 7TH |
|
Washington State University Cougars batting - Pitching for Pennsylvania State University Nittany Lions : RHP Greg Hall
|
|
Batting: RHB Nick Deegan
|
0-0: Ball 1-0: Ball 2-0: Ball 3-0: Called Strike 3-1: Called Strike 3-2: Base on Balls
|
|
Batting: RHB Elmar Adenauer
|
0-0: Ball 1-0: Sac Bunt to 3S - play at first, batter OUT! 3-1 Nick Deegan to second
|
|
Batting: RHB Melvin Durland
|
0-0: Ball 1-0: Ball Wild Pitch! Nick Deegan to third 2-0: SINGLE (Groundball, 6M, EV 101.9 MPH) Nick Deegan scores
|
|
Batting: LHB Josh Aerni
|
0-0: Called Strike 0-1: Foul Ball, location: 2F 0-2: Grounds into double play, 5-4-3 (Groundball, 56, EV 88.1 MPH)
|
| Top of the 7th over - 1 run, 1 hit, 0 errors, 0 left on base; Washington State University 3 - Pennsylvania State University 1 |
| BOTTOM OF THE 7TH |
|
Pennsylvania State University Nittany Lions batting - Pitching for Washington State University Cougars : RHP Jordan Wyatt
|
|
Batting: RHB Brian Rogers
|
0-0: Called Strike 0-1: Foul Ball, location: 2F 0-2: Ball 1-2: Ball 2-2: Foul Ball, location: 2F 2-2: Foul Ball, location: 2F 2-2: Foul Ball, location: 2F 2-2: Foul Ball, location: 2F 2-2: Foul Ball, location: 2F 2-2: Ball 3-2: Ground out 5-3 (Groundball, 56, EV 88.8 MPH)
|
|
Batting: RHB Tim Long
|
0-0: Ball 1-0: SOLO HOME RUN (Flyball, 7D, EV 97.5 MPH), Distance : 370 ft
|
|
Batting: LHB Angel Oropeza
|
0-0: Called Strike 0-1: Ball 1-1: Ball 2-1: Ball 3-1: Called Strike 3-2: Strikes out swinging
|
|
Batting: RHB Ethan Finke
|
0-0: Ball 1-0: Called Strike 1-1: Ground out U3 (Groundball, 34, EV 86.9 MPH)
|
| Bottom of the 7th over - 1 run, 1 hit, 0 errors, 0 left on base; Washington State University 3 - Pennsylvania State University 2 |
| TOP OF THE 8TH |
|
Washington State University Cougars batting - Pitching for Pennsylvania State University Nittany Lions : RHP Greg Hall
|
|
Batting: SHB Salvador Padilla
|
0-0: Called Strike 0-1: Ball 1-1: Foul Ball, location: 2F 1-2: Ball 2-2: SINGLE (Groundball, 34D, EV 96.9 MPH)
|
|
Batting: RHB Gebre-Giorgios Wangondu
|
0-0: Ball 1-0: Fielders Choice at 2nd, 4-6 (Groundball, 4, EV 83.1 MPH)
|
|
Batting: SHB Steve DeRienzo
|
0-0: Ball 1-0: Foul Ball, location: 2F 1-1: Called Strike 1-2: SINGLE (Groundball, 5S, EV 69.4 MPH) (infield hit) Gebre-Giorgios Wangondu to second
|
|
Batting: RHB Johnny Lowe
|
0-0: Called Strike 0-1: Swinging Strike 0-2: Ball Wild Pitch! Gebre-Giorgios Wangondu to third Steve DeRienzo to second 1-2: Ball 2-2: Ball 3-2: Base on Balls
|
|
Pitching: RHP Aaron Meiggs
|
|
|
Batting: RHB David Martin
|
0-0: Ball 1-0: Ball 2-0: Called Strike 2-1: SINGLE (Groundball, 6M, EV 102.5 MPH) Gebre-Giorgios Wangondu scores Steve DeRienzo to third Johnny Lowe to second Runner from 3rd tries for Home, SAFE, throw by CF to home
|
|
Batting: RHB Nick Deegan
|
0-0: Ball 1-0: Swinging Strike 1-1: Swinging Strike 1-2: Ball 2-2: Foul Ball, location: 2F Balk! Johnny Lowe to third David Martin to second 2-2: Ball 3-2: Intentional Walk
|
|
Batting: RHB Elmar Adenauer
|
0-0: Swinging Strike 0-1: Ball 1-1: Foul Ball, location: 2F 1-2: Strikes out looking
|
|
Batting: RHB Melvin Durland
|
0-0: Ball 1-0: Ball 2-0: Called Strike 2-1: DOUBLE (Line Drive, 8RXD, EV 111.3 MPH) Johnny Lowe scores David Martin scores Nick Deegan to third
|
|
Batting: LHB Josh Aerni
|
0-0: Foul Ball, location: 2F 0-1: Ball 1-1: Called Strike 1-2: Foul Ball, location: 2F 1-2: Strikes out looking
|
| Top of the 8th over - 4 runs, 4 hits, 0 errors, 2 left on base; Washington State University 7 - Pennsylvania State University 2 |
| BOTTOM OF THE 8TH |
|
Pennsylvania State University Nittany Lions batting - Pitching for Washington State University Cougars : RHP Jordan Wyatt
|
|
Batting: RHB Luke Vaccarino
|
0-0: Fly out, F6 (Popup, 6MD, EV 43.8 MPH)
|
|
Batting: RHB Eric Wiss
|
0-0: Ball 1-0: Ball 2-0: Called Strike 2-1: Ball 3-1: Fly out, F5 (Line Drive, 5, EV 73.1 MPH)
|
|
Pitching: RHP J.J. Maetzold
|
|
|
Batting: RHB Coen Dirks
|
0-0: Ball 1-0: Called Strike 1-1: Foul Ball, location: 2F 1-2: Ball 2-2: Ball 3-2: Foul Ball, location: 2F 3-2: Strikes out looking
|
| Bottom of the 8th over - 0 runs, 0 hits, 0 errors, 0 left on base; Washington State University 7 - Pennsylvania State University 2 |
| TOP OF THE 9TH |
|
Washington State University Cougars batting - Pitching for Pennsylvania State University Nittany Lions : RHP Aaron Meiggs
|
|
Batting: SHB Salvador Padilla
|
0-0: Swinging Strike 0-1: Ball 1-1: Ball 2-1: Swinging Strike 2-2: Strikes out looking
|
|
Batting: RHB Gebre-Giorgios Wangondu
|
0-0: Swinging Strike 0-1: Ball 1-1: Foul Ball, location: 2F 1-2: Foul Ball, location: 2F 1-2: Strikes out swinging
|
|
Batting: SHB Steve DeRienzo
|
0-0: Called Strike 0-1: Called Strike 0-2: Ball 1-2: Strikes out swinging
|
| Top of the 9th over - 0 runs, 0 hits, 0 errors, 0 left on base; Washington State University 7 - Pennsylvania State University 2 |
| BOTTOM OF THE 9TH |
|
Pennsylvania State University Nittany Lions batting - Pitching for Washington State University Cougars : RHP J.J. Maetzold
|
|
Batting: LHB Tyler Francis
|
0-0: Ball 1-0: Foul Ball, location: 2F 1-1: Foul Ball, location: 2F 1-2: Ball 2-2: Ball 3-2: SOLO HOME RUN (Flyball, 89XD, EV 105.6 MPH), Distance : 428 ft
|
|
Batting: RHB Dave Fredericks
|
0-0: Called Strike 0-1: Ball 1-1: Foul Ball, location: 2F 1-2: Ball 2-2: Ball 3-2: Foul Ball, location: 2F 3-2: Base on Balls
|
|
Batting: RHB Brian Rogers
|
0-0: Called Strike 0-1: Ball 1-1: Foul Ball, location: 2F 1-2: Foul Ball, location: 2F 1-2: Foul Ball, location: 2F 1-2: Hit by Pitch Dave Fredericks to second
|
|
Pitching: RHP Gorgonio Sigua
|
|
|
Batting: RHB Tim Long
|
0-0: Ball 1-0: Swinging Strike 1-1: Swinging Strike 1-2: Ball 2-2: Ball 3-2: Strikes out looking
|
|
Batting: LHB Angel Oropeza
|
0-0: Foul Ball, location: 2F 0-1: Foul Ball, location: 2F 0-2: Ball 1-2: Foul Ball, location: 2F 1-2: Ball 2-2: Ball 3-2: Foul Ball, location: 2F 3-2: Fly out, F3 (Popup, 3SF, EV 76.3 MPH)
|
|
Batting: RHB Ethan Finke
|
0-0: Called Strike 0-1: Foul Ball, location: 2F 0-2: Strikes out swinging
|
| Bottom of the 9th over - 1 run, 1 hit, 0 errors, 2 left on base; Washington State University 7 - Pennsylvania State University 3 |
|